 Dungeon Sprint DCSS version 0.21.0-25-ge575cb9 (webtiles) character file.

8100000 doot the Conqueror (level 27, -13/320 (323) HPs)
             Began as an Ogre Chaos Knight on Jan 24, 2018.
             Was the Champion of Makhleb.
             Killed from afar by a wretched soul (89 damage)
             ... with a bolt of negative energy
             ... in the Dungeon (Sprint VIII: "Arena of Blood").
             The game lasted 00:03:10 (81 turns).

doot the Conqueror (Ogre Chaos Knight)                Turns: 81, Time: 00:03:11

HP:   -13/320 (323) AC:  7    Str: 24    XL:     27
MP:   32/54         EV: 29    Int: 13    God:    Makhleb [******]
Gold: 0             SH:  0    Dex: 17    Spells: 80/80 levels left

rFire    . . .     SeeInvis .   i - +∞ Axe of Woe
rCold    . . .     Gourm    .   (shield currently unavailable)
rNeg     . . .     Faith    .   a - +2 robe
rPois    .         Spirit   .   (helmet restricted)
rElec    .         Reflect  .   (no cloak)
rCorr    .         Harm     .   (gloves unavailable)
MR       ++...     NoTele   +   (boots unavailable)
Stlth    +++++++++.             (no amulet)
HPRegen  0.63/turn              (no ring)
MPRegen  0.34/turn              (no ring)

@: drained
A: large, unfitting armour, tough skin 1
a: Minor Destruction, Lesser Servant of Makhleb, Major Destruction, Greater
Servant of Makhleb, Renounce Religion


You were in the Dungeon.
You worshipped Makhleb.
Makhleb was exalted by your worship.
You were not hungry.

You visited 1 branch

Inventory:

Hand Weapons
 i - the +∞ Axe of Woe (weapon)
   (You found it in the Dungeon)
Armour
 a - a +2 robe (worn)
Scrolls
 h - a scroll of blinking
Potions
 c - a potion of curing
 d - a potion of heal wounds
 e - a potion of haste
 f - 2 potions of magic
 g - a potion of berserk rage
Comestibles
 b - a ration


   Skills:
 O Level 27(25.5) Fighting
 O Level 27(25.5) Axes
 O Level 27(25.5) Throwing
 O Level 27(25.5) Armour
 O Level 27(25.5) Dodging
 O Level 27(25.5) Stealth
 O Level 27(25.5) Unarmed Combat
 O Level 27(25.5) Spellcasting
 O Level 27(25.5) Invocations


You had 80 spell levels left.
You didn't know any spells.

Dungeon Overview and Level Annotations

Branches:
Dungeon (1/1)

Altars:
Makhleb


Innate Abilities, Weirdness & Mutations

You are too large for most types of armour.
You have tough skin. (AC +1)


Message History

An ogre and a hell beast come into view.
Unknown command.
Unknown command.
A demon appears!
You are engulfed in blazing flames.
The meat beast bites you!
* * * LOW HITPOINT WARNING * * *
The meat beast tramples you.
* * * LOW HITPOINT WARNING * * *
You hold your ground!
You hear a shout!
The large bag of meat moves out of view.
You hear a shout!
The meat beast bites you!
* * * LOW HITPOINT WARNING * * *
The meat beast misses you.
You hear a shout!
A bolt of negative energy appears from out of thin air!
Deactivating autopickup; reactivate with Ctrl-A.
The bolt of negative energy hits you!
You feel drained.
You die...
Xom roars with laughter! .... .. oo. #..
Oo#

#.. ..# . .###..
o.###..
.%....###.......
...D.O_22......
#..§@§# .
#_1§2_# .
....#.)))§#....
......._.o.....
......###....§.
.###.. ..###..
#.. ..# . #. ..#
.. .%%


You could see 3 meat beasts, an eight-headed meat hydra, a large bag of meat
(inner flame), a meat berserker (berserk), 5 bags of meat and a friendly
Executioner.

Vanquished Creatures
  3 hell beasts (D)
  4 greater mummies (D)
  16 vampire knights (D)
  22 ogres (D)
  3 two-headed ogres (D)
  A lich (D)
  38 orcs (D)
  2 skeletal warriors (D)
89 creatures vanquished.

Notes
Turn   | Place    | Note
-------+----------+-------------------------------------------
     0 | D        | Found the +∞ Axe of Woe
     0 | D        | doot the Ogre Chaos Knight began the quest for the Orb.
     0 | D        | Reached XP level 1. HP: 24/24 MP: 1/1
     3 | D        | Noticed a bag of meat
     4 | D        | Fell from the grace of Xom
     4 | D        | Became a worshipper of Makhleb the Destroyer
     5 | D        | Noticed a bag of meat
     5 | D        | Noticed a bag of meat
     7 | D        | Noticed a bag of meat
     7 | D        | Noticed a bag of meat
     7 | D        | Killed a bag of meat
     7 | D        | Reached XP level 2. HP: 72/72 MP: 2/2
     7 | D        | Reached XP level 3. HP: 80/80 MP: 3/3
     7 | D        | Reached XP level 4. HP: 91/91 MP: 4/4
     7 | D        | Reached XP level 5. HP: 100/100 MP: 5/5
     7 | D        | Reached XP level 6. HP: 109/109 MP: 6/6
     7 | D        | Reached XP level 7. HP: 118/118 MP: 7/7
     7 | D        | Reached XP level 8. HP: 127/127 MP: 8/8
     7 | D        | Reached XP level 9. HP: 136/136 MP: 9/9
     7 | D        | Reached XP level 10. HP: 146/146 MP: 10/10
     7 | D        | Reached XP level 11. HP: 154/154 MP: 11/11
     7 | D        | Reached XP level 12. HP: 165/165 MP: 12/12
     9 | D        | Noticed a bag of meat
     9 | D        | Killed a bag of meat
     9 | D        | Reached * piety under Makhleb
     9 | D        | Reached XP level 13. HP: 182/182 MP: 13/13
    10 | D        | Noticed a meat berserker
    10 | D        | Killed a bag of meat
    10 | D        | Reached skill level 27 in Fighting
    10 | D        | Reached XP level 14. HP: 176/198 MP: 14/14
    11 | D        | Noticed a meat berserker
    11 | D        | Killed a bag of meat
    11 | D        | Reached skill level 10 in Axes
    11 | D        | Killed a bag of meat
    11 | D        | Reached ** piety under Makhleb
    11 | D        | Reached XP level 15. HP: 206/206 MP: 15/15
    11 | D        | Killed a meat berserker
    11 | D        | Reached skill level 15 in Axes
    11 | D        | Reached XP level 16. HP: 217/217 MP: 16/16
    14 | D        | Killed a meat berserker
    14 | D        | Reached skill level 27 in Unarmed Combat
    14 | D        | Reached *** piety under Makhleb
    14 | D        | Reached XP level 17. HP: 226/226 MP: 17/17
    21 | D        | Reached **** piety under Makhleb
    21 | D        | Reached XP level 18. HP: 236/236 MP: 18/18
    22 | D        | Noticed a destroyer
    23 | D        | Noticed a meat berserker
    24 | D        | Noticed a meat berserker
    24 | D        | Noticed a large bag of meat
    25 | D        | Killed a meat berserker
    25 | D        | Reached skill level 27 in Axes
    25 | D        | Reached skill level 27 in Dodging
    28 | D        | Killed a destroyer
    28 | D        | Reached XP level 19. HP: 245/245 MP: 18/37
    28 | D        | Killed a meat berserker
    30 | D        | Noticed a meat berserker
    30 | D        | Killed a large bag of meat
    30 | D        | Reached ***** piety under Makhleb
    30 | D        | Reached skill level 15 in Armour
    30 | D        | Reached skill level 15 in Stealth
    30 | D        | Reached XP level 20. HP: 256/256 MP: 19/43
    33 | D        | Noticed a meat berserker
    34 | D        | Noticed a meat berserker
    34 | D        | Killed a meat berserker
    35 | D        | Noticed a meat berserker
    36 | D        | Noticed a destroyer
    36 | D        | Reached XP level 21. HP: 265/265 MP: 20/47
    37 | D        | Killed a meat berserker
    38 | D        | Killed a destroyer
    38 | D        | Reached XP level 22. HP: 275/275 MP: 20/52
    39 | D        | Reached ****** piety under Makhleb
    39 | D        | Reached skill level 27 in Spellcasting
    39 | D        | Reached skill level 27 in Invocations
    40 | D        | Noticed a destroyer
    40 | D        | Noticed a destroyer
    41 | D        | Reached skill level 27 in Throwing
    43 | D        | Reached XP level 23. HP: 284/284 MP: 22/54
    45 | D        | Noticed an accursed
    45 | D        | Reached skill level 27 in Armour
    45 | D        | Reached skill level 27 in Stealth
    46 | D        | Noticed a destroyer
    48 | D        | Noticed a large bag of meat
    49 | D        | Killed a destroyer
    49 | D        | Reached XP level 24. HP: 295/295 MP: 23/54
    50 | D        | Noticed a destroyer
    51 | D        | Noticed a destroyer
    52 | D        | Killed a destroyer
    52 | D        | Reached XP level 25. HP: 304/304 MP: 24/54
    55 | D        | Noticed an accursed
    56 | D        | Killed a large bag of meat
    56 | D        | Killed a destroyer
    56 | D        | Reached XP level 26. HP: 314/314 MP: 25/54
    57 | D        | Noticed a destroyer
    57 | D        | Killed an accursed
    57 | D        | Reached XP level 27. HP: 323/323 MP: 26/54
    58 | D        | Killed a destroyer
    59 | D        | Noticed an accursed
    59 | D        | Noticed a destroyer
    59 | D        | Noticed an accursed
    60 | D        | Killed a destroyer
    60 | D        | Killed a destroyer
    61 | D        | Noticed a destroyer
    61 | D        | Noticed a destroyer
    64 | D        | Noticed a destroyer
    64 | D        | Killed a destroyer
    65 | D        | Noticed a destroyer
    65 | D        | Noticed a destroyer
    65 | D        | Killed a destroyer
    65 | D        | Killed a destroyer
    66 | D        | Noticed a destroyer
    67 | D        | Noticed a tyrant
    67 | D        | Killed a destroyer
    67 | D        | Killed a destroyer
    69 | D        | Noticed a meat beast
    69 | D        | Noticed a large bag of meat
    70 | D        | Noticed a destroyer
    70 | D        | Killed a destroyer
    71 | D        | Killed a meat beast
    72 | D        | Noticed a meat beast
    73 | D        | Killed an accursed
    73 | D        | Killed a destroyer
    75 | D        | Killed a destroyer
    75 | D        | Killed an accursed
    75 | D        | Killed a tyrant
    76 | D        | Killed a meat beast
    77 | D        | Noticed a meat beast
    78 | D        | Noticed a meat beast
    78 | D        | Noticed a large bag of meat
    78 | D        | Killed a large bag of meat
    78 | D        | Killed an accursed
    79 | D        | Noticed a meat beast
    79 | D        | Killed a meat beast
    80 | D        | Noticed a large bag of meat
    81 | D        | Noticed a meat beast
    81 | D        | Killed from afar by a wretched soul

Skill      XL: |  1  2  3  4  5  6  7  8  9 10 11 12 13 14 15 16 17 18 19 20 21 22 23 |
---------------+----------------------------------------------------------------------+-----
Fighting       | 22 25 27 | 27.0
Axes           | 4 6 8 12 15 20 25 27 | 27.0
Dodging        | 11 13 14 17 19 22 25 27 | 27.0
Unarmed Combat | 16 18 20 23 25 27 | 27.0
Throwing       | 13 17 21 24 27 | 27.0
Armour         | 11 15 18 21 25 27 | 27.0
Stealth        | 11 15 18 21 25 27 | 27.0
Spellcasting   | 14 19 22 26 27 | 27.0
Invocations    | 14 19 22 26 27 | 27.0

Action                   |  1- 3 |  4- 6 |  7- 9 | 10-12 | 13-15 | 16-18 | 19-21 | 22-24 | 25-27 || total
-------------------------+-------+-------+-------+-------+-------+-------+-------+-------+-------++-------
Melee: Executioner's axe |     1 |       |       |     1 |     2 |     5 |     5 |     9 |    21 ||    44
Invok: Greater Servant o |       |       |       |       |       |       |       |       |     1 ||     1
Dodge: Dodged            |       |       |       |       |       |     1 |       |     1 |     3 ||     5
